 Dungeon Crawl Stone Soup version 0.23.2-1-ga50397a6bc (webtiles) character file.

Game seed: 5417438769149348045

18809 Kinoniko the Impaler (level 12, -2/145 HPs)
             Began as a Merfolk Gladiator on May 3, 2019.
             Was a Priest of Ashenzari.
             Slain by a killer bee (8 damage)
             ... on level 3 of the Lair of Beasts.
             The game lasted 00:34:00 (17522 turns).

Kinoniko the Impaler (Merfolk Gladiator)           Turns: 17522, Time: 00:34:00

Health: -2/145     AC: 26    Str: 18    XL:     12   Next: 62%
Magic:  19/19      EV:  2    Int:  8    God:    Ashenzari [***...]
Gold:   908        SH:  0    Dex: 16    Spells: 19/20 levels left

rFire    + . .     SeeInvis +   B - +0 halberd (freeze) (curse)
rCold    x . .     Gourm    .   (shield currently unavailable)
rNeg     + + +     Faith    .   (armour currently unavailable)
rPois    +         Spirit   .   (helmet currently unavailable)
rElec    .         Reflect  .   (cloak currently unavailable)
rCorr    .         Harm     .   (gloves currently unavailable)
MR       .....     NoTele   +   (boots currently unavailable)
Stlth    +.........             e - amulet of magic regeneration
HPRegen  0.34/turn              A - ring of fire
MPRegen  0.41/turn              (no ring)

@: confused, tree-form, hasted, very quick
A: (change form in water), (swift swim), (stealthy swim)
a: Curse Item, Scrying, Renounce Religion


You were on level 3 of the Lair of Beasts.
You worshipped Ashenzari.
Ashenzari was most pleased with you.
You were hungry.
You were a tree.
You visited 3 branches of the dungeon, and saw 15 of its levels.
You also visited: Ossuary.

You collected 908 gold pieces.

Inventory:

Hand Weapons
 B - a cursed +0 halberd of freezing (weapon)
 D - a +2 trident of protection
Missiles
 d - 4 throwing nets (quivered)
Armour
 a - a +2 chain mail of poison resistance
 b - a +0 leather armour
 c - a cursed +2 helmet (melded)
 k - a cursed +2 pair of gloves (melded)
 q - a cursed +2 chain mail of fire resistance (melded)
 v - a +0 troll leather armour
 C - a cursed +2 pair of boots of stealth (melded)
 I - a +0 large shield
 J - a +0 pair of boots
Jewellery
 e - an amulet of magic regeneration (around neck)
 A - a ring of fire (left branch)
Wands
 g - a wand of disintegration (10)
 j - a wand of digging (3)
 o - a wand of flame (44)
 x - a wand of paralysis (4)
 E - a wand of polymorph (7)
 G - a wand of random effects (21)
Scrolls
 l - 4 scrolls of remove curse
 s - 3 scrolls of amnesia
 t - a scroll of enchant weapon
 u - 3 scrolls of identify
 y - 10 scrolls of teleportation
 K - a scroll of magic mapping
Potions
 h - a potion of brilliance
 n - 2 potions of magic
 p - a potion of cancellation
 w - 3 potions of flight
 H - a potion of lignification
Comestibles
 f - 16 rations
 m - 6 chunks of flesh


   Skills:
 * Level 10.0 Fighting
 * Level 17.1(20.2) Polearms
 - Level 2.0 Throwing
 * Level 7.0(10.0) Armour
 * Level 9.6 Dodging
 * Level 4.7 Spellcasting
 * Level 4.0 Necromancy


You had 19 spell levels left.
You knew the following spells:

 Your Spells              Type           Power        Failure   Level  Hunger
a - Animate Skeleton      Necr           N/A          4%          1    #......

Your spell library contained the following spells:

 Spells                   Type           Power        Failure   Level  Hunger
 Apportation              Tloc           #.....       26%         1    #......
 Confusing Touch          Hex            #.....       26%         1    #......
 Corona                   Hex            #......      26%         1    #......
 Summon Small Mammal      Summ           #...         26%         1    #......
 Ensorcelled Hibernation  Hex/Ice        #.....       38%         2    ###....
 Confuse                  Hex            #.......     63%         3    ###....
 Dazzling Spray           Conj/Hex       #.....       63%         3    ###....
 Gell's Gravitas          Tloc           #.........   63%         3    ###....
 Tukima's Dance           Hex            #.......     63%         3    ###....
 Petrify                  Tmut/Erth      #.......     95%         4    #####..
 Metabolic Englaciation   Hex/Ice        #.........   100%        5    ######.
 Yara's Violent Unravell  Hex/Tmut       #.........   100%        5    ######.


Dungeon Overview and Level Annotations

Branches:
Dungeon (11/15)            Temple (1/1) D:4            Lair (3/6) D:8
 Shoals (0/4) Lair:2       Spider (0/4) Lair:3          Orc (0/2) D:10

Altars:
Ashenzari
Cheibriados
Dithmenos
Elyvilon
Fedhas
Gozag
Hepliaklqana
Kikubaaqudgha
Makhleb
Nemelex Xobeh
Okawaru
Qazlal
Ru
Sif Muna
Trog
Uskayaw
Vehumet
Wu Jian
Xom
Yredelemnul
Zin
The Shining One


Message History

* * * LOW HITPOINT WARNING * * *
The killer bee stings you but does no damage.
The queen bee stings you but does no damage.
The killer bee stings you but does no damage.
Unknown command.
You feel better.
The killer bee stings you but does no damage. x2
The blink frog hits the plant but does no damage.
The crocodile bites you.
* * * LOW HITPOINT WARNING * * *
The steam dragon bites the plant but does no damage.
The steam dragon claws the plant but does no damage.
The killer bee stings you but does no damage.
Unknown command.
Unknown command.
You are confused.
You feel invigorated.
The killer bee stings you but does no damage.
The killer bee completely misses you. The killer bee stings you!
You die...

#...#...###
###.#.#.. ..
......##
{*#.#.#.#.*,..##≈
,≈ ....##*,
,,,#.##†#.#
..##≈≈,, ,..* ,, ,
,,##..#.#.#..##≈≈%
≈ ,
,#....#....##≈≈..
≈ , , *
,##.#..#..)##≈≈...
* ,
#..DF#.####≈≈....
,,,
#.yPyy..#...y.≈≈≈
* , ,
,##t♣yy.....≈≈≈≈≈≈
≈ *
################ *


You could see a queen bee, a blink frog, a steam dragon, a crocodile and 4
killer bees.

Vanquished Creatures
  A hydra (D:10)
  2 black mambas
  2 spiny frogs
  A gargoyle (D:10)
  A rime drake (Lair:3)
  4 komodo dragons
  2 jumping spiders (Lair:3)
  2 trolls
  Grinder (D:6)
  2 blink frogs (Lair:3)
  A hornet (D:9)
  3 hippogriffs
  Sigmund (D:2)
  2 redbacks (Lair:3)
  4 yaks (Lair:1)
  A wraith (D:10)
  Grum (D:9)
  2 basilisks (Lair:3)
  A hungry ghost (D:9)
  A warg (D:10)
  2 soldier ants (D:9)
  10 water moccasins
  Duvessa (D:6)
  4 porcupines
  4 orc warriors
  An ice beast (D:5)
  2 necrophages
  A phantom (D:6)
  4 sky beasts
  3 black bears
  18 wolves
  6 ogres
  3 crocodiles
  A centaur (D:9)
  2 big kobolds
  6 bullfrogs
  Dowan (D:6)
  2 scorpions
  41 killer bees
  7 howler monkeys
  2 electric eels (D:8)
  A crimson imp (D:5)
  6 centaur zombies
  6 bullfrog zombies
  2 bullfrog skeletons
  10 hounds
  5 jellies
  7 orc priests
  4 centaur skeletons
  A gnoll shaman (D:5)
  Jessica (D:2)
  Ijyb (D:4)
  5 iguanas
  10 worker ants
  16 orc wizards
  A hound zombie (Ossuary)
  2 hound skeletons
  17 mummies (Ossuary)
  A howler monkey zombie (Ossuary)
  7 worker ant zombies
  4 gnolls (D:4)
  A river rat (Lair:3)
  16 adders
  4 shadow imps
  2 oozes
  An adder skeleton (D:4)
  2 adder zombies
  4 worms (D:2)
  2 dart slugs
  9 leopard geckos
  56 orcs
  5 giant cockroaches
  5 goblins
  10 hobgoblins
  13 jackals
  20 kobolds
  12 quokkas
  7 bats
  4 frilled lizards
  2 giant cockroach zombies (Ossuary)
  A jackal skeleton (D:4)
  A leopard gecko skeleton (D:4)
  5 leopard gecko zombies
  A quokka skeleton (D:6)
  A quokka zombie (D:6)
  9 rats
456 creatures vanquished.

Vanquished Creatures (others)
  3 plants (Lair:3)
  A withered plant (Ossuary)
4 creatures vanquished.

Grand Total: 460 creatures vanquished

Notes
Turn   | Place    | Note
-------+----------+-------------------------------------------
     0 | D:1      | Kinoniko the Merfolk Gladiator began the quest for the Orb.
     0 | D:1      | Reached XP level 1. HP: 16/16 MP: 1/1
    35 | D:1      | Reached XP level 2. HP: 9/22 MP: 2/2
   472 | D:1      | Reached skill level 5 in Polearms
   637 | D:1      | Reached XP level 3. HP: 28/28 MP: 3/3
  1002 | D:2      | Found a snail-covered altar of Cheibriados.
  1013 | D:2      | Noticed Sigmund
  1682 | D:2      | Killed Sigmund
  1682 | D:2      | Reached skill level 6 in Polearms
  1682 | D:2      | Reached skill level 1 in Armour
  1682 | D:2      | Reached skill level 5 in Dodging
  1682 | D:2      | Reached XP level 4. HP: 30/35 MP: 4/4
  1682 | D:2      | Reached XP level 5. HP: 35/41 MP: 5/5
  1798 | D:2      | Noticed Jessica
  1803 | D:2      | Killed Jessica
  1803 | D:2      | Reached skill level 7 in Polearms
  1803 | D:2      | Reached XP level 6. HP: 47/47 MP: 6/6
  1898 | D:2      | Found a shimmering altar of Xom.
  2607 | D:2      | Found a glowing golden altar of the Shining One.
  2617 | D:2      | Found an iron altar of Okawaru.
  3202 | D:3      | Found a sparkling altar of Nemelex Xobeh.
  3393 | D:4      | Noticed Ijyb
  3480 | D:4      | Killed Ijyb
  3480 | D:4      | Reached skill level 8 in Polearms
  3619 | D:4      | Reached XP level 7. HP: 50/52 MP: 7/7
  3916 | D:4      | Found a basalt altar of Yredelemnul.
  3944 | D:4      | Found a staircase to the Ecumenical Temple.
  3997 | D:4      | Reached skill level 9 in Polearms
  4997 | D:5      | Entered Level 5 of the Dungeon
  5430 | D:5      | Reached XP level 8. HP: 60/60 MP: 8/8
  5492 | D:5      | Reached skill level 10 in Polearms
  6410 | D:6      | Noticed Dowan
  6424 | D:6      | Reached skill level 5 in Fighting
  6424 | D:6      | Reached skill level 11 in Polearms
  6450 | D:6      | Killed Dowan
  6495 | D:6      | Noticed Duvessa
  6523 | D:6      | Killed Duvessa
  6523 | D:6      | Reached XP level 9. HP: 68/68 MP: 9/9
  6849 | D:6      | Learned a level 1 spell: Animate Skeleton
  6895 | D:6      | Noticed Grinder
  6908 | D:6      | Killed Grinder
  6908 | D:6      | Reached skill level 12 in Polearms
  7360 | Temple   | Entered the Ecumenical Temple
  7471 | Temple   | Became a worshipper of Ashenzari the Shackled
  7640 | D:7      | Found a blossoming altar of Fedhas.
  7643 | D:7      | Found a radiant altar of Vehumet.
  7663 | D:7      | Found a burning altar of Makhleb.
  7680 | D:7      | Found an ornate altar of the Wu Jian Council.
  7806 | D:7      | Reached skill level 1 in Spellcasting
  7984 | D:7      | Reached skill level 1 in Necromancy
  8069 | D:7      | Found a sacrificial altar of Ru.
  8462 | D:7      | Reached skill level 13 in Polearms
  9008 | D:7      | Noticed a troll
  9019 | D:7      | Killed a troll
  9019 | D:7      | Reached XP level 10. HP: 77/77 MP: 12/12
  9369 | D:8      | Found a sand-covered staircase.
  9373 | Ossuary  | Entered an ossuary
 10011 | D:8      | Reached skill level 14 in Polearms
 10303 | D:8      | Found a staircase to the Lair.
 10374 | D:8      | Found a glowing silver altar of Zin.
 10908 | D:9      | Noticed Grum
 10945 | D:9      | Killed Grum
 10946 | D:9      | Reached skill level 5 in Armour
 11332 | D:9      | Reached * piety under Ashenzari
 11368 | D:9      | Reached skill level 15 in Polearms
 11544 | D:9      | Found a hide-covered altar of Uskayaw.
 11624 | D:9      | Reached XP level 11. HP: 86/86 MP: 15/15
 12416 | D:10     | Entered Level 10 of the Dungeon
 12450 | D:10     | Reached ** piety under Ashenzari
 12790 | D:10     | Found a staircase to the Orcish Mines.
 14163 | D:11     | Noticed a seven-headed hydra
 14213 | D:10     | Killed a 14-headed hydra
 14213 | D:10     | Reached skill level 16 in Polearms
 14433 | Lair:1   | Entered Level 1 of the Lair of Beasts
 14801 | Lair:1   | Identified the +1 robe of Gravity {Str+4}
 15700 | Lair:2   | Found a staircase to the Shoals.
 15721 | Lair:2   | Reached *** piety under Ashenzari
 15758 | Lair:2   | Reached XP level 12. HP: 84/95 MP: 18/18
 16830 | Lair:3   | Found a hole to the Spider Nest.
 16989 | Lair:3   | Reached skill level 17 in Polearms
 17494 | Lair:3   | Reached skill level 10 in Fighting
 17519 | Lair:3   | HP: 1/145 [crocodile (11)]
 17522 | Lair:3   | Slain by a killer bee

Skill      XL: |  1  2  3  4  5  6  7  8  9 10 11 12 |
---------------+-------------------------------------+-----
Polearms       | 5 6 7 8 9 11 13 15 16 17 | 17.1
Fighting       | 3 4 5 6 7 9 10 | 10.0
Armour         | 1 2 3 4 5 6 7 |  7.0
Dodging        | 5 6 7 8 9 |  9.6
Spellcasting   | 1 2 4 |  4.7
Necromancy     | 1 2 3 4 |  4.0
Throwing       | |  2.0

Action                   |  1- 3 |  4- 6 |  7- 9 | 10-12 || total
-------------------------+-------+-------+-------+-------++-------
Melee: Trident           |   109 |   241 |   561 |       ||   911
       Tailslap          |     2 |       |       |       ||     2
       Halberd           |       |       |    55 |  1217 ||  1272
Invok: Curse Item        |       |       |     1 |     4 ||     5
  Use: Potion            |     2 |       |     8 |    17 ||    27
       Scroll            |       |     7 |     8 |    17 ||    32
 Stab: Sleeping          |       |     1 |       |       ||     1
       Distracted        |       |       |     1 |       ||     1
       Invisible         |       |       |     2 |     3 ||     5
       Paralysed         |       |       |     1 |       ||     1
  Eat: Chunk             |     1 |     4 |    10 |     4 ||    19
       Ration            |     1 |       |     3 |     7 ||    11
Armor: Leather armour    |    18 |    11 |       |       ||    29
       Chain mail        |       |    74 |   214 |   705 ||   993
       Skin              |       |       |       |    64 ||    64
Dodge: Dodged            |    55 |   102 |   174 |   737 ||  1068
